 Dungeon Crawl Stone Soup version 0.31-a0-702-gf82c85558f (webtiles) character file.

Game seed: 5280465368301961261

429 qw the Shooter (level 6, -3/38 HPs)
             Began as a Gargoyle Hunter on Sept 8, 2023.
             Slain by an ogre
             ... wielding a +0 giant spiked club
              (16 damage)
             ... on level 4 of the Dungeon.
             The game lasted 00:01:09 (2837 turns).

qw the Shooter (Gargoyle Hunter)                    Turns: 2837, Time: 00:01:09

Health: -3/38      AC:  9    Str: 15    XL:     6   Next: 98%
Magic:  6/6        EV: 11    Int:  9    God:
Gold:   161        SH:  0    Dex: 15    Spells: 5/5 levels left

rFire   . . .        Y - +1 shortbow
rCold   . . .        (shield currently unavailable)
rNeg    + . .        k - +0 ring mail {rPois}
rPois   inf          a - +0 hat {Will+}
rElec   +            (no cloak)
rCorr   +            (no gloves)
SInv    .            (no boots)
Will    +....        (no amulet)
Stlth   +            g - ring of resist corrosion
HPRegen 0.26/turn    (no ring)
MPRegen 0.10/turn

%: no passive effects
@: no status effects
A: sickness immunity, AC +4, negative energy resistance 1, electricity
resistance, torment resistance 1, petrification resistance
a: no special abilities


You were on level 4 of the Dungeon.
You visited 1 branch of the dungeon, and saw 4 of its levels.

You collected 161 gold pieces.


Innate Abilities, Weirdness & Mutations

You are immune to sickness and miasma.
Your stone body is resilient. (AC +4)
You are immune to poison.
You resist negative energy. (rN+)
You are resistant to electric shocks. (rElec)
You are resistant to unholy torment.
You are immune to petrification.


   Skills:
 - Level 4.1 Fighting
 + Level 7.2 Ranged Weapons
 - Level 1.2 Armour
 - Level 1.5 Dodging
 - Level 1.1 Stealth


You had 5 spell levels left.
You didn't know any spells.
Your spell library was empty.

Inventory:

Hand Weapons
 Y - a +1 shortbow (weapon)
Armour
 a - a +0 hat of willpower (worn)
 k - a +0 ring mail of poison resistance (worn)
Jewellery
 f - a ring of protection from fire
 g - a ring of resist corrosion (left hand)
 i - a ring of fire
Scrolls
 c - a scroll of identify
Potions
 b - a potion of mutation {unknown}
 d - a potion of enlightenment {unknown}
 e - a potion of attraction {unknown}
 h - 2 potions of invisibility {unknown}

Dungeon Overview and Level Annotations

Branches:
Dungeon (4/15)
 Temple: D:4-7

Altars:

Shops:
D:4 =


Message History

You see here a scorpion corpse.
You see here a hound corpse.
You now have 150 gold pieces (gained 3).
f - a ring of protection from fire
i - a ring of fire A kobold comes into view.
It is wielding a +0 short sword.
You shoot an arrow. The arrow hits the kobold.
The kobold shouts!
The kobold is severely wounded.
The kobold throws a stone.
The stone hits you but does no damage.
You shoot an arrow. The arrow closely misses the kobold.
You shoot an arrow. The arrow hits the kobold.
You kill the kobold!
You now have 161 gold pieces (gained 11).
h - 2 fuming golden potions (gained 1)
Things that are here:
a +0 short sword; 4 stones An ogre comes into view.
It is wielding a +0 giant spiked club.
Found 14 gold pieces.
The ogre shouts!
An adder comes into view.
You shoot an arrow. The adder hisses angrily.
The arrow hits the ogre.
The ogre is moderately wounded.
You shoot an arrow. The arrow hits the ogre.
The ogre is moderately wounded.
A ball python comes into view.
You shoot an arrow. The arrow completely misses the ogre.
The ogre barely misses you.
You shoot an arrow. The arrow hits the ogre.
The ogre is heavily wounded.
You shoot an arrow. The arrow hits the ogre.
The ogre is heavily wounded.
The ogre hits you with a +0 giant spiked club!!
Ouch! That really hurt!
You shoot an arrow. The arrow hits the ogre.
The ogre is severely wounded.
The ogre hits you with a +0 giant spiked club!
You die...

$..
...
.. ##
.. ..
.# #.
S#.
#O#
#@#
#.#
#.#
#.#
#.###
#...#
###.#
#.#
#.#


You could see an ogre and an adder.

Vanquished Creatures
  A sky beast (D:3)
  A phantom (D:4)
  2 scorpions (D:4)
  A hound (D:4)
  Jessica (D:3)
  3 adders
  A worm (D:2)
  A dart slug (D:1)
  3 orcs
  5 ball pythons
  7 endoplasms
  2 giant cockroaches
  5 goblins
  4 hobgoblins
  10 kobolds
  6 quokkas
  4 bats
  3 frilled lizards
  5 rats
65 creatures vanquished.

Notes
Turn   | Place    | Note
-------+----------+-------------------------------------------
     0 | D:1      | qw the Gargoyle Hunter began the quest for the Orb.
     0 | D:1      | Reached XP level 1. HP: 12/12 MP: 1/1
     0 | D:1      | 0 ||| qw: Version: 0.3-a-76-g4403597
     0 | D:1      | 0 ||| qw: Game counter: 1213
     0 | D:1      | 0 ||| qw: Melee chars always use a shield: true
     0 | D:1      | 0 ||| qw: God list: Okawaru
     0 | D:1      | 0 ||| qw: Allow faded altars: false
     0 | D:1      | 0 ||| qw: Do Orc after clearing Dungeon:15 true
     0 | D:1      | 0 ||| qw: Do second Lair branch before Depths: true
     0 | D:1      | 0 ||| qw: Lair rune preference: random
     0 | D:1      | 0 ||| qw: Goals: Normal
     0 | D:1      | 0 ||| PLANNING D:1-11
   132 | D:1      | Reached XP level 2. HP: 17/17 MP: 2/2
   536 | D:1      | Reached XP level 3. HP: 21/21 MP: 3/3
   607 | D:1      | Reached skill level 5 in Ranged Weapons
   901 | D:1      | 901 ||| UPGRADING to ring of resist corrosion.
   902 | D:1      | 902 ||| READING scroll labelled PISTRU DEJEOPH.
   902 | D:1      | Identified a scroll of acquirement
   902 | D:1      | 902 ||| ACQUIRING +0 hat of willpower
   902 | D:1      | Acquired a +0 hat of willpower
   904 | D:1      | 904 ||| UPGRADING to +0 hat of willpower.
   909 | D:1      | 909 ||| DROPPING scroll of butterflies.
   933 | D:2      | 933 ||| STAIRDANCE
   942 | D:2      | 942 ||| STAIRDANCE
  1182 | D:2      | Reached skill level 3 in Fighting
  1378 | D:2      | Reached XP level 4. HP: 28/28 MP: 4/4
  1413 | D:2      | Found a faded altar of an unknown god.
  1424 | D:2      | 1424 ||| UPGRADING to +0 ring mail of poison resistance.
  1434 | D:2      | 1434 ||| DROPPING +0 leather armour.
  1435 | D:2      | 1435 ||| READING scroll labelled DUKAF FULAUSA.
  1436 | D:2      | 1436 ||| READING scroll labelled JOECRO UTON.
  1437 | D:2      | 1437 ||| READING scroll labelled XOSEXE KEPHOEN.
  1438 | D:2      | 1438 ||| READING scroll labelled GIDWAU DEUSHRYMNA.
  1441 | D:2      | 1441 ||| READING scroll labelled FARYLA UBARYXU.
  1442 | D:2      | 1442 ||| READING scroll labelled DUMOIRCH VYMOE.
  1443 | D:2      | 1443 ||| READING scroll labelled EFIHAW ICEIJAH.
  1444 | D:2      | 1444 ||| DRINKING 2 brown potions.
  1491 | D:2      | 1491 ||| DROPPING potion of lignification.
  1512 | D:3      | 1512 ||| STAIRDANCE
  1528 | D:3      | 1528 ||| STAIRDANCE
  1729 | D:3      | Reached skill level 1 in Armour
  1750 | D:3      | Noticed Jessica
  1751 | D:3      | 1751 ||| FLEEEEING.
  1755 | D:3      | 1755 ||| FLEEEEING.
  1756 | D:3      | 1756 ||| FLEEEEING.
  1757 | D:3      | 1757 ||| FLEEEEING.
  1758 | D:3      | 1758 ||| STAIRDANCE
  1771 | D:2      | 1771 ||| READING scroll labelled QUAKA ARCHUFA.
  1772 | D:2      | 1772 ||| READING scroll labelled RUHETUA TALUBIE.
  1779 | D:3      | Killed Jessica
  2086 | D:3      | Noticed a sky beast
  2088 | D:3      | 2088 ||| Stepping randomly (disturbance).
  2089 | D:3      | 2089 ||| Stepping randomly (disturbance).
  2090 | D:3      | 2090 ||| Stepping randomly (disturbance).
  2091 | D:3      | 2091 ||| Stepping randomly (disturbance).
  2092 | D:3      | 2092 ||| Stepping randomly (disturbance).
  2109 | D:3      | HP: 5/28 [something (4)]
  2110 | D:3      | Killed a sky beast
  2111 | D:3      | Reached skill level 6 in Ranged Weapons
  2111 | D:3      | Reached XP level 5. HP: 4/32 MP: 5/5
  2488 | D:4      | Found Niadin's Jewellery Shop.
  2493 | D:4      | 2493 ||| SHOPLISTING amulet of reflection (300 gold, have
                  | 147).
  2493 | D:4      | 2493 ||| SHOPLISTING amulet of regeneration (300 gold, have
                  | 147).
  2493 | D:4      | 2493 ||| SHOPLISTING ring of fire (250 gold, have 147).
  2493 | D:4      | 2493 ||| SHOPLISTING ring of ice (250 gold, have 147).
  2493 | D:4      | 2493 ||| SHOPLISTING ring of positive energy (200 gold,
                  | have 147).
  2493 | D:4      | 2493 ||| SHOPLISTING ring of resist corrosion (200 gold,
                  | have 147).
  2497 | D:4      | Noticed a phantom
  2516 | D:4      | HP: 7/32 [phantom (4)]
  2519 | D:4      | Killed a phantom
  2520 | D:4      | Reached XP level 6. HP: 5/38 MP: 6/6
  2743 | D:4      | Reached skill level 7 in Ranged Weapons
  2837 | D:4      | Slain by an ogre

Levels and vault maps discovered:
D:1:      dpeg_arrival_rooms_a, layout_basic
D:2:      layout_rooms, chequers_ecumenical_altar_grove, grunt_ministairs_2
D:3:      minmay_chambers_of_twos, layout_rooms, uniq_jessica
D:4:      layout_loops_ring, serial_shops, kennysheep_mini_moat, shop_fountains,
          shop, nicolae_shop_drivethru, grunt_ministairs_15,
          chequers_serial_rivers_micro_a, minmay_misc_feat_diagonals, uniq_ijyb

Skill      XL: |  1  2  3  4  5  6 |
---------------+-------------------+-----
Ranged Weapons | 5 6 7 |  7.2
Fighting       | 3 4 |  4.1
Armour         | 1 |  1.2
Dodging        | |  1.5
Stealth        | |  1.1

Action                     |  1- 3 |  4- 6 || total
---------------------------+-------+-------++-------
   Fire: Shortbow          |   129 |   140 ||   269
    Use: Scroll            |     1 |     9 ||    10
         Potion            |       |     1 ||     1
 Armour: Leather armour    |    46 |       ||    46
         Ring mail         |       |    78 ||    78
  Dodge: Dodged            |    45 |    54 ||    99

Table legend:
 A = Non-vault XP
 B = Vault XP
 C = Vault XP percentage of total XP
 D = Non-vault monster count
 E = Vault monster count
 F = Vault count percentage of total count
                 A         B        C        D         E       F
            +---------+---------+-------+---------+---------+-------
      Total |     346 |     267 |  43.6 |      52 |      13 |  20.0
            +---------+---------+-------+---------+---------+-------
        D:1 |      41 |       1 |   2.4 |      23 |       1 |   4.2
        D:2 |      42 |       1 |   2.3 |      16 |       1 |   5.9
        D:3 |      37 |     184 |  83.3 |       8 |       9 |  52.9
        D:4 |     226 |      81 |  26.4 |       5 |       2 |  28.6
            +---------+---------+-------+---------+---------+-------
